AoeStats
← "Nina"

Arena

511015561Analyzed
1v1 RM · 4h ago on Oct 3, 2026· 17m 30s· 2 players
Game mode
Random Map
Map size
Tiny (2 player)
Population
200
Speed
Normal
Resources
Standard
Victory
Conquest
Starting age
Dark Age
Ending age
Imperial Age
RankedLock teamsTeams togetherTeam positionsShared explorationLock speedFull tech treeHidden civsTurbo modeCheats
Victory
Defeat
🇬🇧 Teutons · United Kingdom
793
+15
🇮🇳 Vietnamese · India
765
-15
"Nina"
11:15 Feudal Age
11:51 Double-Bit Axe
11:53 Horse Collar
14:08 Loom
18:51 Castle Age
Cobble
11:36 Feudal Age
15:42 Castle Age
15:58 Pikeman
Connection lost

Rejoining the realm…

Still unreachable

The connection could not be restored.

Session expired

The server has moved on; the page needs a fresh start.